Map: 环轨星港

Players

TIME (Oliveira)

  • Race: Terran Terran
  • League: Master

iGiA (iAsonu) - Winner!

  • Race: Zerg Zerg
  • League: Master

Event: GPL 2015 - Grand Finals

VOD

Have the link to the VOD?

Description

Time

  • Played on: Jan. 25, 2016, 6:36 a.m.
  • Length: 10:11

All games in this series

Show
View Real Time Build Order
Export as new Build Order

TIME Terran 

Build Orders: Reaper Expand, Bio Tank 

Get SALT Encoding   

  12  0:00  SCV  
  13  0:13  SCV  
  14  0:18  Supply Depot  
  14  0:25  SCV  
  15  0:40  SCV  
  15  0:41  Barracks  
  16  0:45  Refinery  
  16  0:53  SCV  
  17  1:05  SCV  
  18  1:18  SCV  
  19  1:29  Reaper  
  19  1:30  Orbital Command  
  20  1:40  Command Center  
  20  1:47  Supply Depot  
  20  1:55  SCV  
  20  2:00  Marine  
  22  2:06  Factory  
  22  2:08  SCV  
  22  2:14  Refinery  
  23  2:21  SCV  
  24  2:24  Barracks Reactor  
  24  2:33  SCV  
  25  2:45  SCV  
  26  2:54  Bunker  
  26  2:57  Orbital Command, SCV  
  27  3:00  Factory Tech Lab  
  27  3:01  Marine x2  
  29  3:09  SCV  
  30  3:19  Siege Tank, Marine x2  
  35  3:21  SCV  
  35  3:23  SCV  
  35  3:24  Starport  
  37  3:33  SCV  
  38  3:35  SCV  
  38  3:37  Marine  
  38  3:38  Marine  
  41  3:45  SCV  
  41  3:46  Supply Depot  
  41  3:47  SCV  
  43  3:53  Siege Tank  
  46  4:00  SCV x2, Marine  
  45  4:08  Medivac  
  46  4:11  Supply Depot  
  46  4:12  SCV  
  46  4:13  Supply Depot, SCV  
  48  4:19  Barracks Reactor  
  48  4:25  SCV x2  
  50  4:37  SCV  
  40  4:38  Medivac  
  51  4:39  SCV  
  51  4:41  Command Center  
  54  4:49  SCV, Barracks  
  55  4:55  Barracks  
  55  4:56  Marine x2  
  55  4:58  Siege Tank  
  60  5:00  SCV  
  61  5:07  SCV  
  61  5:09  Liberator  
  61  5:13  SCV  
  61  5:14  Refinery, Marine  
  63  5:15  Refinery  
  63  5:16  Supply Depot  
  63  5:18  Marine  
  63  5:19  SCV  
  66  5:25  SCV  
  70  5:28  Supply Depot  
  70  5:38  SCV x2  
  70  5:39  Marine x2  
  70  5:40  Barracks Tech Lab  
  69  5:50  SCV x2  
  69  5:54  Barracks Tech Lab  
  69  5:55  Siege Tank  
  74  5:57  Marine x2  
  74  6:02  Engineering Bay, SCV x2  
  78  6:04  Engineering Bay  
  78  6:06  Stimpack  
  78  6:07  Marine  
  79  6:14  SCV x2  
  79  6:15  Starport Reactor, Marine  
  73  6:26  SCV x2  
  73  6:28  Marine x3  
  73  6:30  Siege Tank  
  73  6:31  Orbital Command  
  74  6:34  Combat Shields  
  74  6:37  Barracks, Marine  
  74  6:38  Barracks  
  74  6:43  Terran Infantry Weapons Level 1  
  74  6:46  Terran Infantry Armor Level 1, Marine x2  
  76  6:49  Marine  
  76  6:50  SCV x2  
  79  6:56  SCV  
  79  6:58  Marauder  
  79  7:00  Medivac  
  84  7:02  SCV x2  
  84  7:06  Refinery, Marine x2  
  84  7:08  Refinery, SCV  
  88  7:12  Siege Tank  
  88  7:14  SCV  
  93  7:16  SCV  
  93  7:17  Medivac  
  93  7:18  Marine  
  93  7:21  SCV  
  93  7:22  Supply Depot  
  98  7:23  Supply Depot  
  98  7:27  SCV, Barracks Reactor x2, Marine x2  
  101  7:38  Supply Depot  
  101  7:43  Marine x2  
  101  7:44  SCV x3  
  106  7:47  Marine x2  
  106  7:48  Siege Tank  
  111  7:56  SCV x3  
  111  7:58  Medivac  
  116  8:00  Medivac  
  116  8:02  Supply Depot x2, Factory  
  116  8:04  Marine  
  119  8:08  SCV  
  119  8:09  Marine x5  
  119  8:12  SCV  
  124  8:15  Marauder  
  125  8:26  Marine x2  
  127  8:31  Marine x4  
  127  8:32  Siege Tank, SCV  
  127  8:34  SCV  
  133  8:36  Supply Depot x2  
  133  8:45  Marine x3  
  133  8:46  Marine  
  133  8:47  Factory Tech Lab, Medivac x2  
  141  8:53  Marine x2  
  141  8:54  Marine  
  139  9:01  Marine  
  137  9:03  SCV, Marine x2  
  137  9:04  Siege Tank  
  137  9:05  SCV, Marine  
  137  9:08  Siege Tank  
  132  9:17  Marine  
  132  9:18  SCV x2  
  132  9:22  Marine  
  128  9:26  Medivac x2, Marine x2  
  128  9:27  Marine x4  
  137  9:31  Command Center  
  137  9:36  Siege Tank  
  137  9:38  SCV  
  141  9:42  Supply Depot, Marine x2  
  146  9:49  Marine x2  
  146  9:50  Marauder, Armory  
  150  9:56  Ghost Academy  
Show
View Real Time Build Order
Export as new Build Order

iGiA Zerg - Winner!

Build Orders: Pool First 

Get SALT Encoding   

  12  0:01  Drone  
  13  0:12  Overlord  
  13  0:17  Drone  
  14  0:30  Drone x2  
  14  0:32  Extractor  
  14  0:35  Drone  
  16  0:46  Drone  
  17  0:50  Spawning Pool  
  16  0:57  Drone  
  17  1:08  Drone  
  18  1:20  Hatchery  
  17  1:33  Drone  
  17  1:37  Queen  
  20  1:46  Roach Warren  
  19  1:50  Drone  
  19  1:53  Drone  
  21  1:57  Drone  
  22  2:04  Overlord  
  22  2:12  Overlord  
  22  2:22  Queen  
  24  2:26  Roach  
  26  2:34  Roach  
  28  2:37  Roach  
  30  2:44  Roach  
  30  2:45  Roach  
  30  2:50  Drone  
  35  2:54  Drone x2  
  37  3:00  Drone  
  37  3:02  Drone  
  39  3:06  Ravager x2  
  39  3:09  Drone  
  39  3:11  Drone  
  43  3:16  Drone  
  44  3:28  Overlord  
  44  3:39  Overlord  
  44  3:46  Queen  
  44  3:48  Drone x2  
  48  3:53  Drone  
  48  3:54  Drone x2  
  48  3:55  Drone  
  52  3:59  Drone  
  52  4:01  Drone x2, Overlord  
  55  4:05  Drone  
  54  4:11  Hatchery  
  54  4:13  Queen  
  55  4:17  Drone  
  55  4:21  Overlord  
  55  4:22  Drone x2  
  58  4:27  Metabolic Boost  
  58  4:32  Overlord  
  58  4:34  Drone x2  
  58  4:35  Drone  
  58  4:37  Extractor  
  60  4:38  Extractor  
  60  4:41  Drone  
  60  4:44  Drone x3  
  63  4:47  Queen  
  65  4:53  Drone  
  65  4:55  Drone, Evolution Chamber  
  65  4:57  Evolution Chamber  
  65  5:02  Drone  
  65  5:04  Drone  
  65  5:05  Drone  
  68  5:10  Zergling x2  
  69  5:15  Drone  
  69  5:16  Drone x2  
  69  5:18  Drone  
  69  5:20  Drone x2  
  75  5:21  Overlord  
  75  5:25  Zerg Melee Weapons Level 1, Zerg Ground Armor Level 1  
  75  5:28  Lair  
  75  5:32  Drone x2  
  77  5:36  Drone  
  77  5:39  Drone  
  77  5:41  Roach x2  
  78  5:52  Roach x3  
  86  5:57  Roach x4  
  86  5:59  Zergling x12  
  98  6:04  Overlord  
  98  6:10  Overlord  
  98  6:12  Overlord  
  97  6:21  Drone  
  97  6:23  Drone  
  97  6:24  Drone  
  92  6:25  Drone  
  92  6:26  Drone  
  92  6:28  Zergling x2  
  94  6:35  Drone x2  
  94  6:37  Infestation Pit, Zergling x16  
  94  6:39  Drone  
  104  6:44  Extractor x2  
  104  6:45  Drone  
  102  6:48  Drone  
  102  6:51  Drone  
  102  6:52  Glial Reconstitution, Baneling Nest  
  102  6:53  Hatchery  
  102  6:54  Extractor  
  102  6:55  Drone  
  102  6:57  Drone  
  102  6:59  Overlord  
  103  7:01  Drone  
  103  7:04  Drone x2  
  103  7:05  Drone  
  103  7:06  Drone  
  108  7:08  Spore Crawler  
  108  7:14  Zergling x6  
  108  7:15  Zergling x8  
  114  7:21  Pathogen Glands  
  114  7:22  Pneumatized Carapace, Hive  
  114  7:23  Zerg Melee Weapons Level 2  
  114  7:29  Overlord  
  114  7:31  Zergling x2  
  114  7:32  Zergling x4  
  114  7:34  Overseer  
  117  7:38  Drone x3  
  117  7:40  Spine Crawler  
  119  7:44  Overlord  
  119  7:46  Drone  
  119  7:47  Zerg Ground Armor Level 2  
  118  7:57  Zergling x18  
  127  8:03  Queen  
  125  8:09  Ravager  
  125  8:10  Ravager  
  125  8:13  Zergling x2  
  125  8:14  Zergling x12  
  126  8:22  Zergling x4  
  126  8:24  Centrifical Hooks  
  127  8:39  Zergling x2  
  127  8:40  Zergling x16  
  135  8:50  Zergling x6  
  135  8:51  Zergling x4  
  138  8:59  Baneling x7  
  138  9:00  Zergling x4  
  138  9:01  Zergling x6  
  135  9:15  Zergling x2  
  135  9:16  Zergling x6  
  130  9:21  Ultralisk Cavern, Zergling x4  
  116  9:28  Zergling x10  
  116  9:29  Zergling x2  
  122  9:36  Baneling x8  
  120  9:39  Zergling x6  
  122  9:46  Zergling x8  
  122  9:48  Baneling x5  
Tags
 
Add a new tag
Caveats
  • Supply blocks, unpowered buildings, or Contaminate may cause inaccurate times.
  • Supply counts are checked every 10 seconds.